 Dungeon Crawl Stone Soup version 0.16-a0-3171-gce70061 (webtiles) character file.

3633 Johnny the Quickloader (level 10, -1/79 HPs)
             Began as a Human Hunter on Dec 16, 2014.
             Was a Believer of Trog.
             Slain by a killer bee (6 damage)
             ... on level 8 of the Dungeon.
             The game lasted 00:13:42 (7841 turns).

Johnny the Quickloader (Human Hunter)               Turns: 7841, Time: 00:13:42

Health: -1/79      AC:  9    Str: 12      XL:     10   Next: 33%
Magic:  10/10      EV: 16    Int: 14      God:    Trog [**....]
Gold:   353        SH:  0    Dex: 16 (17) Spells: 0 memorised, 9 levels left

rFire  . . .     SeeInvis .     y - +4 flail (protect)
rCold  . . .     Clarity  .     d - +0 leather armour
rNeg   + . .     SustAb   .     (no shield)
rPois  .         Gourm    .     (no helmet)
rElec  .         Spirit   .     l - +0 cloak
rCorr  .         Warding  .     (no gloves)
rMut   .         Stasis   .     (no boots)
MR     .....                    (no amulet)
Stlth  ++........               (no ring)
                                x - ring of positive energy

@: lethally poisoned, not resistant to hostile enchantments, unstealthy
A: clever 1, deterioration 1, sense surroundings 1
a: Burn Spellbooks, Berserk, Trog's Hand, Renounce Religion


You were on level 8 of the Dungeon.
You worshipped Trog.
Trog was pleased with you.
You were not hungry.

You visited 2 branches of the dungeon, and saw 9 of its levels.

You collected 353 gold pieces.

Inventory:

Hand weapons
 a - a +0 short sword
 b - a +1 hand crossbow
 g - a +0 short sword of venom
 w - a cursed -2 hand axe
 y - a +4 flail of protection (weapon)
Missiles
 c - 2 bolts
Armour
 d - a +0 leather armour (worn)
 l - a +0 cloak (worn)
Jewellery
 x - a ring of positive energy (left hand)
 I - an uncursed ring of see invisible {unknown}
Magical devices
 e - a wand of draining (0)
 k - a wand of cold (0)
 r - a wand of frost (0)
 A - a wand of confusion (14)
 H - a wand of random effects (0)
Scrolls
 h - 2 scrolls of blinking
 i - 5 scrolls of identify
 j - 2 scrolls of fog
 m - 2 scrolls of teleportation
 o - 4 scrolls of remove curse
 p - a scroll of random uselessness {unknown}
 q - a scroll of amnesia {unknown}
 t - 2 scrolls of recharging {unknown}
 u - a scroll of fear {unknown}
 z - a scroll of enchant weapon {unknown}
 C - 2 scrolls of magic mapping {unknown}
 G - a scroll of noise {unknown}
Potions
 n - a potion of degeneration
Comestibles
 f - 4 bread rations


   Skills:
 + Level 7.3 Fighting
 * Level 10.7 Crossbows
 + Level 7.4 Dodging
 - Level 1.0 Stealth


You had 9 spell levels left.
You didn't know any spells.

Dungeon Overview and Level Annotations

Branches:
Dungeon (8/15)             Temple (1/1) D:5
   Lair: D:8-11

Altars:
Ashenzari
Cheibriados
Dithmenos
Fedhas
Gozag
Kikubaaqudgha
Makhleb
Okawaru
Qazlal
Ru
Sif Muna
Trog
Vehumet
Xom
Yredelemnul
Zin
The Shining One

Shops:
D:8 (

Annotations:
D:4 Johnny's ghost, experienced HuHu
D:8 Prince Ribbit


Innate Abilities, Weirdness & Mutations

Your mind is acute. (Int +2)
Your body is slowly deteriorating.
You passively map a small area around you.


Message History

Identify which item? (\ to view known items) (? for menu, Esc to quit)
h - 2 scrolls of blinking You feel sick.
The killer bee barely misses you. The killer bee misses you.
Read which item? (? for menu, Esc to quit)
Identify which item? (\ to view known items) (? for menu, Esc to quit)
As you read the scroll of identify, it crumbles to dust.
j - 2 scrolls of fog The killer bee closely misses you.
The killer bee barely misses you.
Read which item? (? for menu, Esc to quit)
Identify which item? (\ to view known items) (? for menu, Esc to quit)
As you read the scroll of identify, it crumbles to dust.
m - 2 scrolls of teleportation You feel sick.
The killer bee stings you but does no damage. x2
Read which item? (? for menu, Esc to quit)
Identify which item? (\ to view known items) (? for menu, Esc to quit)
As you read the scroll of identify, it crumbles to dust.
o - 4 scrolls of remove curse You feel sick.
The killer bee stings you.
You die...

.####.# ...( . , .# ..##. .#
* #.# .# .# #.###)##.## * *
.# #((y(.....#### * .#
#.###)###.....,, ,,
.#######.###.# #..#. ,
..........##.###..#. * *
##..####..##....@.#. ,,,,
.#..####..######y##.#####.#*
.......#..# ##.##.......#
##..#.....#####...##..#####
....#...>...##.....##.#
###.......#.#.......#.# #
####.####....._.....# ## #.#
###.......#.# .. #.#
##.....##.#


You could see a killer bee.

Vanquished Creatures
  Pikel (D:7)
  A spriggan (D:7)
  Grum (D:8)
  2 wolves (D:8)
  Edmund (D:4)
  An ice beast (D:5)
  2 ogres
  A phantom (D:6)
  A necrophage (D:7)
  An orc warrior (D:8)
  2 centaurs
  Sigmund (D:4)
  A big kobold (D:7)
  5 giant frogs
  A water moccasin zombie (D:5)
  A scorpion (D:7)
  4 killer bees (D:8)
  A goliath beetle (D:7)
  4 crimson imps
  A quasit (D:7)
  A giant frog zombie (D:7)
  4 orc priests
  A jelly (D:7)
  2 hounds
  2 iguanas (D:6)
  Natasha (thrice) (D:4)
  8 orc wizards
  2 worker ants (D:5)
  A killer bee zombie (D:7)
  A hound zombie (D:6)
  3 gnolls (D:4)
  5 adders
  4 worms
  2 adder zombies
  An adder skeleton (D:6)
  5 giant geckos
  An ooze (D:1)
  28 orcs
  A ball python (D:2)
  A bat skeleton (D:4)
  2 bat zombies
  3 giant cockroaches
  7 hobgoblins
  3 jackals (D:8)
  15 kobolds
  2 quokkas
  16 bats
  3 giant newts
  7 goblins
  A quokka zombie (D:6)
  16 rats
184 creatures vanquished.

Vanquished Creatures (others)
  A mummy (D:7)
1 creature vanquished.

Grand Total: 185 creatures vanquished

Notes
Turn   | Place    | Note
--------------------------------------------------------------
     0 | D:1      | Johnny, the Human Hunter, began the quest for the Orb.
     0 | D:1      | Reached XP level 1. HP: 16/16 MP: 1/1
    65 | D:1      | Reached XP level 2. HP: 22/22 MP: 2/2
   246 | D:1      | Reached XP level 3. HP: 23/28 MP: 3/3
   665 | D:2      | Found an ancient bone altar of Kikubaaqudgha.
   873 | D:2      | Reached XP level 4. HP: 27/34 MP: 4/4
  1694 | D:3      | Noticed an ogre
  1701 | D:3      | Killed an ogre
  1701 | D:3      | Reached skill level 5 in Crossbows
  1701 | D:3      | Reached XP level 5. HP: 39/41 MP: 5/5
  1955 | D:3      | Reached XP level 6. HP: 41/47 MP: 6/6
  2679 | D:4      | Noticed Edmund
  2681 | D:4      | Noticed Natasha
  2698 | D:4      | Killed Edmund
  2698 | D:4      | Reached skill level 6 in Crossbows
  2698 | D:4      | Reached XP level 7. HP: 20/54 MP: 7/7
  2707 | D:4      | Killed Natasha
  2964 | D:4      | Noticed Natasha
  2966 | D:4      | Killed Natasha
  3050 | D:4      | Noticed Sigmund
  3059 | D:4      | Killed Sigmund
  3114 | D:4      | Noticed Natasha
  3121 | D:4      | Killed Natasha
  3298 | D:4      | Noticed Johnny's ghost (experienced HuHu)
  3593 | D:5      | Entered Level 5 of the Dungeon
  3612 | D:5      | Found a bloodstained altar of Trog.
  3636 | D:5      | Found a shimmering altar of Xom.
  3637 | D:5      | Found a shimmering altar of Xom.
  3916 | D:5      | Reached skill level 7 in Crossbows
  3916 | D:5      | Reached XP level 8. HP: 29/61 MP: 8/8
  4266 | D:5      | Found a staircase to the Ecumenical Temple.
  4275 | Temple   | Entered the Ecumenical Temple
  4577 | D:5      | Reached skill level 5 in Dodging
  4757 | D:5      | Reached skill level 5 in Fighting
  4811 | D:5      | Became a worshipper of Trog the Wrathful
  5574 | D:6      | Reached skill level 8 in Crossbows
  5910 | D:6      | Found a blossoming altar of Fedhas.
  5992 | D:6      | Acquired Trog's first power
  6074 | D:6      | Reached XP level 9. HP: 60/68 MP: 9/9
  6314 | D:7      | Gained mutation: Your mind is acute. (Int +2) [potion of mutation]
  6314 | D:7      | Gained mutation: You passively map a small area around you. [potion of mutation]
  6314 | D:7      | Gained mutation: Your body is slowly deteriorating. [potion of mutation]
  6431 | D:7      | Found a radiant altar of Vehumet.
  6445 | D:7      | Reached skill level 9 in Crossbows
  6574 | D:7      | Found a shattered altar of Ashenzari.
  6595 | D:7      | Noticed Pikel
  6642 | D:7      | Killed Pikel
  6789 | D:7      | Acquired Trog's second power
  6810 | D:7      | Found a glowing golden altar of the Shining One.
  6811 | D:7      | Found an iron altar of Okawaru.
  6966 | D:7      | Reached skill level 10 in Crossbows
  7036 | D:8      | Noticed Prince Ribbit
  7049 | D:7      | Reached XP level 10. HP: 42/77 MP: 10/10
  7248 | D:8      | Found Wumumy's Weapon Boutique.
  7336 | D:8      | Found a stormy altar of Qazlal.
  7446 | D:8      | HP: 3/118 [wolf[Grum] (5)]
  7469 | D:8      | Noticed Grum
  7478 | D:8      | Killed Grum
  7841 | D:8      | Slain by a killer bee

Action                   |  1- 3 |  4- 6 |  7- 9 | 10-12 || total
-------------------------+-------+-------+-------+-------++-------
Melee: Short sword       |    15 |       |   111 |    21 ||   147
       Flail             |       |       |    13 |       ||    13
 Fire: Hand crossbow     |    57 |   129 |   307 |    57 ||   550
Evoke: Wand              |       |       |     2 |    26 ||    28
  Use: Potion            |       |     1 |    11 |     5 ||    17
       Scroll            |       |       |       |     4 ||     4
 Stab: Sleeping          |       |       |     1 |       ||     1
  Eat: Beef jerky        |       |     2 |     1 |       ||     3
       Meat ration       |       |     1 |     1 |       ||     2
       Bread ration      |       |       |     1 |     1 ||     2
       Fruit             |       |       |       |     1 ||     1
